 Dungeon Crawl Stone Soup version 0.14.1-24-gbdbe590 (webtiles) character file.

290 Kenran the Chopper (level 5, -1/45 HPs)
             Began as a Hill Orc Fighter on June 17, 2014.
             Slain by an orc priest
             ... wielding a +0,+2 mace of protection
              (4 damage)
             ... on Level 3 of the Dungeon.
             The game lasted 00:09:04 (3223 turns).

Kenran the Chopper (Hill Orc Fighter)               Turns: 3223, Time: 00:09:04

HP  -1/45        AC  8     Str 19      XL: 5   Next: 69%
MP   5/5         EV  6     Int  8      God:
Gold 100         SH 18     Dex 11      Spells:  0 memorised,  4 levels left

rFire  . . .     SeeInvis .     a - +1,+0 war axe
rCold  . . .     Clarity  .     b - +0 scale mail
rNeg   . . .     Conserve .     c - +0 shield
rPois  +         rCorr    .     (no helmet)
rElec  .         rRot     .     (no cloak)
SustAb . .       Spirit   .     s - +0 pair of gloves
rMut   .         Warding  .     (no boots)
Saprov + . .     Stasis   .     (no amulet)
MR     .....                    (no ring)
                                q - ring of poison resistance

@: not resistant to hostile enchantments, extremely unstealthy
A: saprovore 1
a: Convert to Beogh


You were on level 3 of the Dungeon.
You were not hungry.

You visited 1 branch of the dungeon, and saw 3 of its levels.

You collected 100 gold pieces.

Inventory:

Hand weapons
 a - a +1,+0 war axe (weapon)
Armour
 b - a +0 scale mail (worn)
 c - a +0 shield (worn)
 s - a +0 pair of gloves (worn)
Comestibles
 d - 2 meat rations
 g - a bread ration
 r - a lychee
Scrolls
 k - a scroll of remove curse {unknown}
 m - 4 scrolls of blinking {unknown}
 o - a scroll of enchant weapon I
 v - 3 scrolls of identify
Jewellery
 h - an uncursed ring of see invisible {unknown}
 q - a ring of poison resistance (left hand)
Potions
 e - a potion of might
 f - a potion of agility {unknown}
 i - a potion of haste {unknown}
 j - a potion of mutation {unknown}
 l - a potion of lignification {unknown}
 n - a potion of resistance {unknown}
 p - a potion of paralysis {unknown}
 t - a potion of curing
 u - a potion of berserk rage {unknown}
 w - a potion of restore abilities {unknown}


   Skills:
 - Level 3.6 Fighting
 + Level 7.5 Axes
 - Level 3.2 Armour
 - Level 3.2 Shields


You had 4 spell levels left.
You didn't know any spells.

Dungeon Overview and Level Annotations

Branches:
Dungeon (3/15)

Altars:


Innate Abilities, Weirdness & Mutations

You can tolerate rotten meat.


Message History

The orc priest is moderately wounded.
The orc priest hits you with a glowing mace.
The orc priest mumbles some strange prayers to Beogh against you.
Something smites you!
* * * LOW HITPOINT WARNING * * *
You closely miss the orc priest.
The orc priest is moderately wounded.
You block the orc priest's attack.
You barely miss the orc priest.
The orc priest is moderately wounded.
The orc priest hits you with a glowing mace.
* * * LOW HITPOINT WARNING * * *
You closely miss the orc priest.
The orc priest is moderately wounded.
The orc priest glows brightly for a moment.
Your shield and scale mail prevent you from hitting the orc priest.
The orc priest shouts, "Join the one true god or die!"
The orc priest is moderately wounded.
The orc priest hits you with a glowing mace.
You die...

#.....# #####...
#####.....# ........
###.........# ........
............# ........
.##.####....###########
#.####........#######
#.>..................
#..#.#........#####.. #
#@#.####### ##.. #o#..
.< ..... #.####
#..#####... #.# #..
...#...
#.######.####.#.##
..................
..................
..................
..................


You could see an orc priest.

Vanquished Creatures
  The ghost of SaintRoka the Grasshopper, an average NaWr (D:3)
  6 adders
  4 oozes
  2 orcs (D:3)
  3 giant cockroaches
  5 goblins
  11 hobgoblins
  6 jackals (D:3)
  7 kobolds
  A ball python (D:3)
  6 bats
  A giant gecko (D:3)
  2 giant newts
  7 rats
62 creatures vanquished.

Notes
Turn   | Place    | Note
--------------------------------------------------------------
     0 | D:1      | Kenran, the Hill Orc Fighter, began the quest for the Orb.
     0 | D:1      | Reached XP level 1. HP: 19/19 MP: 1/1
   361 | D:1      | Reached XP level 2. HP: 24/26 MP: 2/2
   540 | D:1      | Reached skill level 4 in Axes
   679 | D:1      | HP: 1/26 [poisoned by an adder]
   680 | D:1      | Reached XP level 3. HP: 1/31 MP: 3/3
  1166 | D:1      | Reached skill level 5 in Axes
  1691 | D:2      | Reached XP level 4. HP: 39/39 MP: 4/4
  1943 | D:3      | Reached skill level 6 in Axes
  2008 | D:3      | Noticed SaintRoka's ghost (average NaWr)
  3065 | D:3      | Killed SaintRoka's ghost
  3065 | D:3      | Reached skill level 7 in Axes
  3065 | D:3      | Reached XP level 5. HP: 27/45 MP: 5/5
  3223 | D:3      | Slain by an orc priest

Action                   |  1- 3 |  4- 6 || total
-------------------------+-------+-------++-------
Melee: War axe           |   129 |   142 ||   271
  Use: Scroll            |     5 |       ||     5
       Potion            |       |     2 ||     2
